 Dungeon Crawl Stone Soup version 0.20.0-15-g7f486f2 (webtiles) character file.

505 cereshysteria the Cudgeler (level 6, -3/59 HPs)
             Began as a Troll Monk on June 20, 2017.
             Slain by Dowan
             ... wielding a +0 dagger
              (6 damage)
             ... on level 4 of the Dungeon.
             The game lasted 00:04:27 (3139 turns).

cereshysteria the Cudgeler (Troll Monk)             Turns: 3139, Time: 00:04:28

Health: -3/59      AC:  5    Str: 20    XL:     6   Next: 96%
Magic:  5/5        EV: 11    Int:  6    God:
Gold:   219        SH:  0    Dex: 14    Spells: 5/5 levels left

rFire    . . .     SeeInvis .   a - +0 mace
rCold    . . .     Gourm    +   (no shield)
rNeg     . . .     Faith    .   b - +0 robe
rPois    .         Spirit   .   (helmet restricted)
rElec    .         Reflect  .   (no cloak)
rCorr    .         Harm     .   (gloves unavailable)
MR       .....                  (boots unavailable)
Stlth    +++.......             (no amulet)
Regen    0.6/turn               h - ring of stealth
MPRegen  0.1/turn               (no ring)

@: no status effects
A: unfitting armour, claws 3, fast metabolism 3, gourmand, regeneration 1,
shaggy fur 1, tough skin 2
a: no special abilities


You were on level 4 of the Dungeon.
You were hungry.

You visited 1 branch of the dungeon, and saw 4 of its levels.

You collected 219 gold pieces.

Inventory:

Hand Weapons
 a - a +0 mace (weapon)
Armour
 b - a +0 robe (worn)
 j - a +0 scale mail
 q - a +0 pair of gloves
Jewellery
 h - a ring of stealth (left claw)
 t - an uncursed amulet of magic regeneration {unknown}
Wands
 l - a wand of lightning (8/15)
Scrolls
 e - a scroll of enchant armour {unknown}
 f - 3 scrolls of recharging {unknown}
 g - 3 scrolls of identify {unknown}
 k - a scroll of fog {unknown}
 m - 2 scrolls of amnesia {unknown}
 n - a scroll of blinking {unknown}
 o - a scroll of remove curse {unknown}
 r - a scroll of teleportation {unknown}
 s - a scroll of immolation {unknown}
Potions
 i - a potion of agility
 p - a potion of haste {unknown}
 u - a potion of brilliance {unknown}
 v - a potion of flight {unknown}
Comestibles
 c - a bread ration
 d - 2 meat rations


   Skills:
 - Level 2.4 Fighting
 * Level 6.7 Maces & Flails
 + Level 3.4 Dodging
 - Level 1.0 Stealth


You had 5 spell levels left.
You didn't know any spells.

Dungeon Overview and Level Annotations

Branches:
Dungeon (4/15)
 Temple: D:4-7

Altars:

Annotations:
D:4 Dowan


Innate Abilities, Weirdness & Mutations

You are too large for most types of armour.
You have claws for hands.
Your metabolism is lightning-fast.
You like to eat raw meat.
Your natural rate of healing is unusually fast.
You are covered in fur. (AC +1)
You have very tough skin. (AC +2)


Message History

Duvessa barely misses you.
You hit Duvessa but do no damage.
Duvessa is almost dead.
Duvessa closely misses you. Duvessa barely misses you.
You sock Duvessa!
You kill Duvessa!
Dowan seems overcome with grief, but rights himself reflexively soon after.
Dowan seems to find hidden reserves of power!
You miss Dowan. Dowan hits you but does no damage.
Dowan hits you with a dagger.
You miss Dowan. Dowan gestures at you while chanting.
The shard of ice hits you!
* * * LOW HITPOINT WARNING * * *
You completely miss Dowan. Dowan hits you but does no damage. x2
You barely miss Dowan. Dowan hits you with a dagger.
* * * LOW HITPOINT WARNING * * *
Dowan hits you but does no damage.
You miss Dowan. Dowan hits you with a dagger.
You die...

#........>.... ....
#l............ #....
#..........#..##....
#!.................#
#..................#
#..e...............#
#####......#...........#
#.....##+#.#...........#
#.....e@.# #...........#
#.....##.# #...........#
#.....##.###...........#
########.##......).....#
#.##.######....##
####.<..######)...#
#...........##..).#
#...........##....##
#...........##..)...


You could see Dowan.

Vanquished Creatures
  Duvessa (D:4)
  A hound (D:4)
  4 orc wizards
  A bullfrog skeleton (D:4)
  Robin (D:3)
  5 adders
  4 oozes
  3 worms (D:2)
  2 dart slugs (D:1)
  2 leopard geckos
  11 orcs
  9 bats
  A giant cockroach (D:3)
  23 goblins
  13 hobgoblins
  A ball python (D:4)
  2 frilled lizards
  4 kobolds
  12 rats
100 creatures vanquished.

Vanquished Creatures (others)
  2 orc wizards (D:3)
2 creatures vanquished.

Grand Total: 102 creatures vanquished

Notes
Turn   | Place    | Note
-------+----------+-------------------------------------------
     0 | D:1      | cereshysteria the Troll Monk began the quest for the Orb.
     0 | D:1      | Reached XP level 1. HP: 22/22 MP: 0/0
   222 | D:1      | Reached skill level 3 in Maces & Flails
   233 | D:1      | Reached XP level 2. HP: 29/29 MP: 1/1
   410 | D:1      | Reached XP level 3. HP: 35/36 MP: 2/2
  1279 | D:2      | Reached skill level 4 in Maces & Flails
  1291 | D:2      | Reached XP level 4. HP: 44/44 MP: 3/3
  2082 | D:3      | Reached XP level 5. HP: 50/50 MP: 4/4
  2088 | D:3      | Reached skill level 5 in Maces & Flails
  2176 | D:3      | Noticed Robin
  2191 | D:3      | Killed Robin
  2604 | D:3      | Reached XP level 6. HP: 19/59 MP: 5/5
  3014 | D:4      | Reached skill level 6 in Maces & Flails
  3111 | D:4      | Noticed Duvessa
  3111 | D:4      | Noticed Dowan
  3134 | D:4      | Killed Duvessa
  3139 | D:4      | Slain by Dowan

Skill      XL: |  1  2  3  4  5  6 |
---------------+-------------------+-----
Maces & Flails | 3 4 5 6 |  6.7
Dodging        | 3 |  3.4
Fighting       | |  2.4
Stealth        | |  1.0

Action                   |  1- 3 |  4- 6 || total
-------------------------+-------+-------++-------
Melee: Mace              |   112 |   244 ||   356
  Use: Potion            |       |     2 ||     2
 Stab: Sleeping          |     2 |     6 ||     8
  Eat: Chunk             |     4 |     9 ||    13
       Bread ration      |     1 |     2 ||     3
Armor: Robe              |    38 |    79 ||   117
Dodge: Dodged            |    63 |   142 ||   205
